 Dungeon Crawl Stone Soup version 0.31-a0-236-g9a0961fb85 (webtiles) character file.

Game seed: 1235084728445675589

18 qw the Shooter (level 2, 0/16 HPs)
             Began as a Gargoyle Hexslinger on July 9, 2023.
             Slain by a jackal (2 damage)
             ... on level 1 of the Dungeon.
             The game lasted 00:00:13 (771 turns).

qw the Shooter (Gargoyle Hexslinger)                 Turns: 771, Time: 00:00:13

Health: 0/16       AC:  4    Str: 11    XL:     2   Next: 66%
Magic:  3/3        EV: 12    Int: 13    God:
Gold:   19         SH:  0    Dex: 12    Spells: 2/3 levels left

rFire   + . .        Y - +1 sling
rCold   + . .        (no shield)
rNeg    + . .        c - +0 robe
rPois   inf          (no helmet)
rElec   +            (no cloak)
rCorr   +            (no gloves)
SInv    .            (no boots)
Will    .....        (no amulet)
Stlth   +            (no ring)
HPRegen 0.22/turn    (no ring)
MPRegen 0.08/turn

%: no passive effects
@: resistant
A: sickness immunity, AC +2, negative energy resistance 1, electricity
resistance, torment resistance 1, petrification resistance
a: no special abilities


You were on level 1 of the Dungeon.
You visited 1 branch of the dungeon, and saw 2 of its levels.

You collected 19 gold pieces.


Innate Abilities, Weirdness & Mutations

You are immune to sickness and miasma.
Your stone body is resilient. (AC +2)
You are immune to poison.
You resist negative energy. (rN+)
You are resistant to electric shocks. (rElec)
You are resistant to unholy torment.
You are immune to petrification.


   Skills:
 + Level 1.4 Fighting
 - Level 3.0 Ranged Weapons
 - Level 1.5 Dodging
 - Level 1.0 Spellcasting
 - Level 2.6 Hexes


You had 2 spell levels left.
You knew the following spells:

 Your Spells              Type           Power      Damage    Failure   Level
a - Slow                  Hex            28%        N/A       10%         1

Your spell library contained the following spells:

 Spells                   Type           Power      Damage    Failure   Level
 Inner Flame              Hex/Fire       4%         N/A       43%         3
 Portal Projectile        Hex/Tloc       8%         N/A       43%         3
 Cause Fear               Hex            3%         N/A       67%         4

Inventory:

Hand Weapons
 Y - a +1 sling (weapon)
Armour
 c - a +0 robe (worn)
Potions
 d - a potion of curing
 e - a potion of brilliance {unknown}
 g - a potion of resistance
 h - a potion of might {unknown}

Dungeon Overview and Level Annotations

Branches:
Dungeon (2/15)

Altars:

Annotations:
D:2 Terence


Message History

You hear a shout!
A jackal comes into view.
You shoot a sling bullet. The jackal barks!
The sling bullet hits the goblin.
You kill the goblin!
You shoot a sling bullet. The sling bullet hits the jackal.
The jackal is heavily wounded.
The jackal bites you. Terence barely misses you.
You shoot a sling bullet. The sling bullet hits the jackal.
You kill the jackal!
Terence barely misses you.
Terence bares his teeth.
Terence hits you from afar with a +0 trident.
You shoot a sling bullet.
The sling bullet hits Terence but does no damage.
The jackal bites you.
Terence hits you from afar with a +0 trident.
766 ||| STAIRDANCE The jackal closely misses you.
The jackal bites you but does no damage.
Terence closely misses you.
You climb upwards.
There is a stone staircase leading down here.
You shoot a sling bullet.
The sling bullet barely misses the jackal.
The jackal misses you. The jackal barely misses you. The jackal bites you.
The jackal closely misses you.
You shoot a sling bullet.
The sling bullet closely misses the jackal.
The jackal barely misses you. The jackal bites you.
The jackal closely misses you.
The jackal bites you but does no damage.
You shoot a sling bullet. The sling bullet hits the jackal.
The jackal is severely wounded.
The jackal closely misses you. The jackal misses you.
You shoot a sling bullet.
The sling bullet closely misses the jackal.
The jackal bites you. The jackal barely misses you. The jackal bites you. x2
You die...

#......'......#..................
#####.##......#..................
#.......#.#..................
#.....#.#.#..................
#.....#.#.#......#....##.....
#.....#.#.#..................
#.....#.#.........#.......#..
#.....#.###.#...#.#.......#..
#####....##.#...@h..........###..
.......?........h..##.#####.# #..
##.########....##..#......#.###..
#.#####.......+............##...
#.##..........###.#........##...
#.##............................
#.##.......###.........#........
#.##.........#.......#..%.......
#.##.................#......#...


You could see 2 jackals.

Vanquished Creatures
  4 bats (D:1)
  An endoplasm (D:1)
  2 giant cockroaches (D:1)
  A goblin (D:2)
  A jackal (D:2)
  A quokka (D:1)
  2 ball pythons (D:1)
  2 frilled lizards (D:1)
  2 kobolds (D:1)
  A rat (D:1)
17 creatures vanquished.

Notes
Turn   | Place    | Note
-------+----------+-------------------------------------------
     0 | D:1      | qw the Gargoyle Hexslinger began the quest for the Orb.
     0 | D:1      | Reached XP level 1. HP: 12/12 MP: 2/2
     0 | D:1      | 0 ||| qw: Version: 0.3-a-51-g015441d
     0 | D:1      | 0 ||| qw: Game counter: 4414
     0 | D:1      | 0 ||| qw: Melee chars always use a shield: true
     0 | D:1      | 0 ||| qw: God list: Okawaru
     0 | D:1      | 0 ||| qw: Allow faded altars: false
     0 | D:1      | 0 ||| qw: Do Orc after clearing Dungeon:15 true
     0 | D:1      | 0 ||| qw: Do second Lair branch before Depths: true
     0 | D:1      | 0 ||| qw: Lair rune preference: random
     0 | D:1      | 0 ||| qw: Goals: Normal
     0 | D:1      | 0 ||| PLANNING D:1-11
   177 | D:1      | Reached XP level 2. HP: 16/16 MP: 3/3
   341 | D:1      | Reached skill level 3 in Ranged Weapons
   719 | D:1      | 719 ||| READING scroll labelled CEASIU KERU.
   733 | D:1      | 733 ||| DRINKING 2 fizzy emerald potions.
   734 | D:1      | 734 ||| DRINKING 2 smoky emerald potions.
   735 | D:1      | 735 ||| DROPPING scroll of poison.
   759 | D:2      | Noticed Terence
   766 | D:2      | 766 ||| STAIRDANCE
   769 | D:1      | HP: 3/16 [jackal (2)]
   771 | D:1      | Slain by a jackal

Levels and vault maps discovered:
D:1:      heliophobic_arrival_henge, layout_basic, minivault_11, minmay_bisected
D:2:      layout_rooms, basic_altar, uniq_crazy_yiuf_cottage, uniq_terence,
          uniq_sigmund, uniq_jessica

Skill      XL: |  1  2 |
---------------+-------+-----
Ranged Weapons | 3 |  3.0
Fighting       | |  1.4
Dodging        | |  1.5
Spellcasting   | |  1.0
Hexes          | |  2.6

Action                     || total
---------------------------++-------
   Fire: Sling             ||    40
    Use: Potion            ||     2
         Scroll            ||     1
 Armour: Robe              ||     5
  Dodge: Dodged            ||    13

Table legend:
 A = Non-vault XP
 B = Vault XP
 C = Vault XP percentage of total XP
 D = Non-vault monster count
 E = Vault monster count
 F = Vault count percentage of total count
                 A         B        C        D         E       F
            +---------+---------+-------+---------+---------+-------
      Total |      22 |       4 |  15.4 |      15 |       2 |  11.8
            +---------+---------+-------+---------+---------+-------
        D:1 |      18 |       4 |  18.2 |      13 |       2 |  13.3
        D:2 |       4 |       0 |   0.0 |       2 |       0 |   0.0
            +---------+---------+-------+---------+---------+-------
